 Dungeon Crawl Stone Soup version 0.27.0-1-g7a089689b8 (webtiles) character file.

Game seed: 10927395813560156727

750 fiver49 the Chopper (level 7, -10/61 HPs)
             Began as a Ghoul Arcane Marksman on Aug 5, 2021.
             Was a Believer of Qazlal.
             Mangled by Prince Ribbit (11 damage)
             ... on level 5 of the Dungeon.
             The game lasted 00:06:36 (3978 turns).

fiver49 the Chopper (Ghoul Arcane Marksman)         Turns: 3978, Time: 00:06:36

Health: -10/61     AC:  6    Str: 16    XL:     7   Next: 78%
Magic:  7/7        EV: 10    Int:  8    God:    Qazlal [**....]
Gold:   203        SH:  3    Dex:  9    Spells: 7/8 levels left

rFire    . . .     SeeInvis .   a - +1 dagger (venom)
rCold    + . .     Faith    .   (no shield)
rNeg     + + +     Spirit   .   g - +0 ring mail
rPois    ∞         Reflect  .   (no helmet)
rElec    .         Harm     .   (no cloak)
rCorr    .         Rampage  .   w - +0 pair of gloves
Will     .....                  (no boots)
Stlth    ..........             (no amulet)
HPRegen  0.00/turn              (no ring)
MPRegen  0.10/turn              (no ring)

@: inhibited regen, very slow
A: claws 1, cold resistance 1, negative energy resistance 3, inhibited
regeneration, torment resistance 2
a: Renounce Religion, Upheaval


You were on level 5 of the Dungeon.
You worshipped Qazlal.
Qazlal was pleased with you.
You visited 1 branch of the dungeon, and saw 5 of its levels.

You collected 203 gold pieces.

Inventory:

Hand Weapons
 a - a +1 dagger of venom (weapon)
 b - a +1 whip of freezing
 e - a +0 dagger
 r - a +0 war axe
Missiles
 c - 2 throwing nets
 m - 7 silver boomerangs
 t - 8 boomerangs (quivered)
 v - 5 javelins
Armour
 d - a +0 scale mail
 g - a +0 ring mail (worn)
 n - a +0 robe
 w - a +0 pair of gloves (worn)
Jewellery
 q - an amulet of faith
Wands
 p - a wand of charming (5)
Scrolls
 h - 2 scrolls of noise {unknown}
 i - 5 scrolls of teleportation {unknown}
 j - 2 scrolls of amnesia {unknown}
 o - a scroll of enchant weapon {unknown}
 u - a scroll of blinking {unknown}
Potions
 f - a potion of berserk rage {unknown}
 k - a potion of mutation {unknown}
 l - 2 potions of curing {unknown}
 s - 2 potions of might {unknown}


   Skills:
 - Level 5.0 Fighting
 - Level 5.7(5.9) Axes
 + Level 2.1(4.2) Maces & Flails
 - Level 1.7 Throwing
 - Level 1.7 Dodging
 - Level 1.0 Spellcasting
 - Level 2.4 Hexes


You had 7 spell levels left.
You knew the following spells:

 Your Spells              Type           Power      Damage    Failure   Level
a - Corona                Hex            4%         N/A       28%         1

Your spell library contained the following spells:

 Spells                   Type           Power      Damage    Failure   Level
 Slow                     Hex            4%         N/A       41%         2
 Summon Small Mammal      Summ           0%         N/A       58%         1
 Inner Flame              Hex/Fire       2%         N/A       80%         3
 Portal Projectile        Hex/Tloc       4%         N/A       80%         3
 Summon Guardian Golem    Hex/Summ       2%         N/A       80%         3
 Call Canine Familiar     Summ           0%         N/A       92%         3
 Gell's Gravitas          Tloc           0%         N/A       92%         3
 Teleport Other           Tloc           0%         N/A       92%         3
 Cause Fear               Hex            2%         N/A       96%         4
 Dispersal                Tloc           0%         N/A       100%        6


Dungeon Overview and Level Annotations

Branches:
Dungeon (5/15)
 Temple: D:4-7

Altars:
Fedhas
Gozag
Nemelex Xobeh
Qazlal
Vehumet
Zin

Annotations:
D:5 Prince Ribbit


Innate Abilities, Weirdness & Mutations

You thrive by killing the living.
You are immune to poison.
You have sharp fingernails.
Your flesh is cold resistant. (rC+)
You are immune to negative energy. (rN+++)
You do not regenerate when monsters are visible.
You are immune to unholy pain and torment.


Message History

Something shouts, "Escape, thou errant miscreant garbage dump!"
Prince Ribbit blinks!
Prince Ribbit catches a mosquito with his tongue.
You miss Prince Ribbit. Prince Ribbit hits you!
You closely miss Prince Ribbit.
Prince Ribbit blinks!
Prince Ribbit completely misses you.
You hit Prince Ribbit.
Prince Ribbit is poisoned.
Prince Ribbit is lightly wounded.
Prince Ribbit hits you but does no damage.
You miss Prince Ribbit.
Prince Ribbit is lightly wounded.
Prince Ribbit barely misses you.
You barely miss Prince Ribbit.
Prince Ribbit is lightly wounded.
Prince Ribbit hits you. Prince Ribbit barely misses you.
Prince Ribbit closely misses you.
You closely miss Prince Ribbit.
Prince Ribbit is lightly wounded.
A bullfrog skeleton comes into view.
Prince Ribbit barely misses you.
You hit Prince Ribbit.
Prince Ribbit looks as sick as possible!
Prince Ribbit is moderately wounded.
Prince Ribbit barely misses you. Prince Ribbit hits you!
Prince Ribbit hits you!
* * * LOW HITPOINT WARNING * * *
Prince Ribbit hits you!
* * * LOW HITPOINT WARNING * * *
The bullfrog skeleton barely misses you.
Okay, then.
Aiming: Charm
Press: ? - help, Shift-Dir - straight line, f - Prince Ribbit
Aim: Prince Ribbit (heavily wounded, very poisoned, chance to affect: 28%)
Okay, then.
You enter the shallow water.
Moving in this stuff is going to be slow.
Prince Ribbit hits you.
* * * LOW HITPOINT WARNING * * *
Prince Ribbit hits you!
You die...

####...###. #####.......#..
##..##........##
#...##........#. ##
##...###........ ##.
#####..####..#.###.
###..#######..###.......#.....
##.#....#..#...##.......##.....
##............♣@♣....<.........#
#........#....F.≈......#.......#
##......##....≈≈≈###...###....#.
#.##.#.#.....≈≈≈##....##..#..##
. #.#....###...#..#..#........
#....#.##..#.#..#......#....
#...##.$..#......##...##....
......#....##..##.## #.###....
#...............### ## ###.#


You could see Prince Ribbit (very poisoned).

Vanquished Creatures
  Pikel (D:4)
  A phantom (D:5)
  2 lemures (D:4)
  2 hounds
  A jelly (D:4)
  4 adders
  An ufetubus (D:5)
  A worm (D:2)
  A dart slug (D:3)
  An orc (D:3)
  4 bats
  8 endoplasms
  4 giant cockroaches
  2 goblins (D:3)
  6 hobgoblins
  4 jackals
  3 quokkas (D:2)
  10 ball pythons
  A frilled lizard (D:1)
  6 kobolds
  6 rats
69 creatures vanquished.

Notes
Turn   | Place    | Note
-------+----------+-------------------------------------------
     0 | D:1      | fiver49 the Ghoul Arcane Marksman began the quest for the
                  | Orb.
     0 | D:1      | Reached XP level 1. HP: 16/16 MP: 1/1
   147 | D:1      | Found a faded altar of an unknown god.
   181 | D:1      | Became a worshipper of Qazlal Stormbringer
   181 | D:1      | Reached * piety under Qazlal
   377 | D:1      | Reached XP level 2. HP: 22/24 MP: 2/2
  1310 | D:2      | Reached XP level 3. HP: 31/31 MP: 3/3
  1320 | D:2      | Reached XP level 4. HP: 40/40 MP: 4/4
  1555 | D:2      | Reached ** piety under Qazlal
  2148 | D:3      | Found a radiant altar of Vehumet.
  2322 | D:3      | Found a blossoming altar of Fedhas.
  2335 | D:3      | Found a sparkling altar of Nemelex Xobeh.
  2361 | D:3      | Found an opulent altar of Gozag.
  2652 | D:4      | Reached skill level 5 in Fighting
  2652 | D:4      | Reached XP level 5. HP: 44/48 MP: 5/5
  2753 | D:4      | Reached skill level 1 in Axes
  2786 | D:4      | Noticed a lemure
  2786 | D:4      | Noticed a lemure
  2787 | D:4      | Noticed Pikel
  2815 | D:4      | Killed a lemure
  2826 | D:4      | Killed a lemure
  2837 | D:4      | Noticed a lemure
  3167 | D:4      | Noticed a lemure
  3200 | D:4      | Killed Pikel
  3201 | D:4      | Reached skill level 5 in Axes
  3201 | D:4      | Reached XP level 6. HP: 30/56 MP: 6/6
  3201 | D:4      | Reached XP level 7. HP: 33/61 MP: 7/7
  3487 | D:4      | Reached skill level 1 in Maces & Flails
  3586 | D:5      | Entered Level 5 of the Dungeon
  3951 | D:5      | Noticed Prince Ribbit
  3978 | D:5      | HP: 1/61 [Prince Ribbit (6)]
  3978 | D:5      | Mangled by Prince Ribbit

Illustrated notes

Levels and vault maps discovered:
D:1:      minmay_arrival_nine_rooms, layout_basic, basic_ecumenical_altar,
          serial_aquarium, aquarium_bridge_square [aquarium_subvault_bridge,
          aquarium_subvault_bridge, aquarium_subvault_bridge,
          aquarium_subvault_wall], aquarium_bridge_square
          [aquarium_subvault_bridge, aquarium_subvault_wall,
          aquarium_subvault_bridge, aquarium_subvault_bridge],
          aquarium_window_corner, aquarium_window_2, aquarium_view_2e,
          aquarium_view_2c, aquarium_balcony_3a, aquarium_pool_side
D:2:      layout_loops_ring, kennysheep_big_empty_room
D:3:      layout_loops_ring, grunt_temple_overflow_gold_and_silver,
          fedhas_altar_2, lemuel_crystal_altar,
          nemelex_xobeh_ov_fountains_minmay
D:4:      layout_rooms, uniq_pikel
D:5:      minmay_inner_zag, layout_cave_pools, minmay_temple_entry_slanted,
          serial_bayou_pond_e, uniq_prince_ribbit1

Skill      XL: |  1  2  3  4  5  6  7 |
---------------+----------------------+-----
Fighting       | 2 3 4 5 |  5.0
Axes           | 5 |  5.7
Maces & Flails | 2 |  2.1
Throwing       | |  1.7
Dodging        | |  1.7
Spellcasting   | |  1.0
Hexes          | |  2.4

Action                   |  1- 3 |  4- 6 |  7- 9 || total
-------------------------+-------+-------+-------++-------
Melee: Dagger            |   106 |   145 |    25 ||   276
       Unarmed           |     1 |       |       ||     1
       Whip              |       |       |    36 ||    36
Throw: Javelin           |    10 |       |       ||    10
       Boomerang         |       |     4 |       ||     4
Armor: Ring mail         |    37 |    48 |    16 ||   101
       Scale mail        |     3 |       |       ||     3
Dodge: Dodged            |    59 |    76 |    22 ||   157
Block: Other             |     3 |    11 |     3 ||    17
